 Dungeon Crawl Stone Soup version 0.28-a0-655-g4eb62b627b (webtiles) character file.

Game seed: 10472022794611134213

2952 bande the Chopper (level 9, -2/55 HPs)
             Began as a Gargoyle Fighter on Oct 12, 2021.
             Was an Elder of Okawaru.
             Slain by a yak (8 damage)
             ... on level 8 of the Dungeon.
             The game lasted 00:14:33 (9490 turns).

bande the Chopper (Gargoyle Fighter)                Turns: 9490, Time: 00:14:33

Health: -2/55      AC: 25    Str: 18    XL:     9   Next: 81%
Magic:  13/13      EV:  7    Int: 10    God:    Okawaru [****..]
Gold:   321        SH:  6    Dex: 11    Spells: 8/8 levels left

rFire   . . .      SeeInvis .   a - +1 war axe
rCold   . . .      Faith    .   c - +1 buckler
rNeg    + . .      Spirit   .   g - +2 chain mail {rPois}
rPois   ∞          Reflect  .   (no helmet)
rElec   +          Harm     .   t - +2 cloak
rCorr   .          Rampage  .   k - +2 pair of gloves
Will    .....                   (no boots)
Stlth   ..........              (no amulet)
HPRegen 0.18/turn               (no ring)
MPRegen 0.13/turn               (no ring)

@: no status effects
A: sickness immunity, AC +6, negative energy resistance 1, electricity
resistance, torment resistance 1, petrification resistance, weak 1, MP-powered
wands
a: Renounce Religion, Heroism, Finesse


You were on level 8 of the Dungeon.
You worshipped Okawaru.
Okawaru was greatly pleased with you.
You visited 1 branch of the dungeon, and saw 8 of its levels.

You collected 321 gold pieces.

Inventory:

Hand Weapons
 a - a +1 war axe (weapon)
 f - a +5 vorpal flail
 l - a +0 war axe
Armour
 c - a +1 buckler (worn)
 g - a +2 chain mail of poison resistance (worn)
 k - a +2 pair of gloves (worn)
 t - a +2 cloak (worn)
Jewellery
 s - a ring of ice
Wands
 o - a wand of flame (13)
 r - a wand of iceblast (5)
Scrolls
 b - 3 scrolls of identify
 e - 3 scrolls of enchant weapon
 n - a scroll of enchant armour
Potions
 d - a potion of might
 h - a potion of flight
 i - 2 potions of haste
 j - 2 potions of curing
 m - a potion of magic
 p - a potion of heal wounds


   Skills:
 + Level 6.1 Fighting
 + Level 7.9 Axes
 + Level 6.8 Armour
 + Level 0.4 Stealth
 + Level 5.3 Shields
 * Level 5.5 Invocations
 * Level 2.6 Evocations


You had 8 spell levels left.
You didn't know any spells.
Your spell library contained the following spells:

 Spells                   Type           Power      Damage    Failure   Level
 Magic Dart               Conj           0%         1d3       98%         1
 Pain                     Necr           0%         1d4       98%         1
 Sandblast                Erth           0%         2d4       98%         1
 Passwall                 Tmut/Erth      0%         N/A       99%         2
 Scorch                   Fire           0%         2d5       99%         2
 Searing Ray              Conj           0%         2d4       99%         2
 Slow                     Hex            0%         N/A       99%         2
 Confusing Touch          Hex            0%         N/A       100%        3
 Stone Arrow              Conj/Erth      0%         3d7       100%        3
 Vampiric Draining        Necr           0%         2d6       100%        3
 Flame Wave               Conj/Fire      0%         3d3       100%        4
 Fulminant Prism          Conj/Hex       0%         3d6       100%        4
 Blade Hands              Tmut           0%         N/A       100%        5
 Irradiate                Conj/Tmut      0%         3d13      100%        5
 Dragon Form              Tmut           0%         N/A       100%        7
 Animate Skeleton         Necr           Unusable   N/A       N/A         1
 Summon Cactus Giant      Summ           Unusable   N/A       N/A         6

Dungeon Overview and Level Annotations

Branches:
Dungeon (8/15)             Temple (0/1) D:6
   Lair: D:8-11

Altars:
Ashenzari
Hepliaklqana
Okawaru
Qazlal
Ru
Trog


Innate Abilities, Weirdness & Mutations

You are immune to sickness and miasma.
Your stone body is resilient. (AC +6)
You are immune to poison.
You resist negative energy. (rN+)
You are resistant to electric shocks. (rElec)
You are resistant to unholy torment.
You are immune to petrification.
You are weak. (Str -2)
You expend magic power (3 MP) to strengthen your wands.


Message History

You are too injured to fight recklessly!
You are too injured to fight recklessly!
You are too injured to fight recklessly!
You are too injured to fight recklessly!
You are too injured to fight recklessly!
You are too injured to fight recklessly!
You are too injured to fight recklessly!
You slash the yak!
The yak is severely wounded.
You hit the yak but do no damage. You hit the yak.
The yak completely misses you. The yak gores you but does no damage.
You barely miss the yak. You slash the yak!
You kill the yak!
Okawaru is honoured by your kill. Okawaru grants you ammunition!
Something appears at your feet!
You closely miss the yak. The yak gores you.
Unknown command.
You closely miss the yak. You slash the yak! The yak gores you!
* * * LOW HITPOINT WARNING * * *
The yak gores you but does no damage.
You hit the yak.
The yak is lightly wounded.
You barely miss the yak. The yak barely misses you.
The yak gores you but does no damage.
Unknown command.
Unknown command.
You hit the yak.
The yak is moderately wounded.
You hit the yak but do no damage. The yak gores you!
* * * LOW HITPOINT WARNING * * *
The yak gores you but does no damage.
You hit the yak but do no damage.
The yak is moderately wounded.
You hit the yak. The yak gores you but does no damage.
You block the yak's attack.
You hit the yak.
The yak is heavily wounded.
You barely miss the yak. The yak gores you!
You die...

..##.## .. ......#
###. ##.#
..##..####.. ...#
.#.......#.# .#.(#
###.....#.##.##..#
##.........##..#
#.......#####..#
#.......#####..#
#.............@Y#
##.......######Y#
#.......# ...
.........# .##.#
.........# .# #
######### .# .# ..


You could see 2 yaks.

Vanquished Creatures
  A troll (D:8)
  3 yaks (D:8)
  Edmund (D:4)
  A water moccasin (D:5)
  A sky beast (D:7)
  A necrophage (D:7)
  An orc warrior (D:7)
  A black bear (D:7)
  A phantom (D:5)
  3 kobold brigands
  A bullfrog (D:7)
  3 scorpions
  A water moccasin zombie (D:5)
  6 wights
  2 bullfrog zombies
  5 hounds
  A bullfrog skeleton (D:5)
  3 orc priests
  A centaur skeleton (D:6)
  Terence (D:3)
  4 iguanas
  Crazy Yiuf (D:3)
  5 orc wizards
  8 adders
  3 gnolls (D:7)
  2 white imps
  An ufetubus (D:6)
  3 adder skeletons (D:4)
  A worm (D:2)
  6 dart slugs
  15 orcs
  4 bats
  7 endoplasms
  5 giant cockroaches
  8 hobgoblins
  9 jackals
  36 kobolds
  3 quokkas (D:1)
  9 ball pythons
  4 frilled lizards
  7 goblins
  6 rats
  2 bushes (D:1)
187 creatures vanquished.

Vanquished Creatures (others)
  11 plants (D:5)
11 creatures vanquished.

Grand Total: 198 creatures vanquished

Notes
Turn   | Place    | Note
-------+----------+-------------------------------------------
     0 | D:1      | bande the Gargoyle Fighter began the quest for the Orb.
     0 | D:1      | Reached XP level 1. HP: 14/14 MP: 1/1
    55 | D:1      | Reached XP level 2. HP: 9/19 MP: 2/2
   458 | D:1      | Reached skill level 2 in Axes
   572 | D:1      | Found a faded altar of an unknown god.
   672 | D:1      | Reached XP level 3. HP: 23/23 MP: 3/3
  1651 | D:2      | You fall into a shaft and drop 2 floors!
  1660 | D:4      | Reached XP level 4. HP: 28/29 MP: 4/4
  2104 | D:4      | Found an iron altar of Okawaru.
  2104 | D:4      | Found a hazy altar of Hepliaklqana.
  2105 | D:4      | Found a broken altar of Ashenzari.
  2112 | D:4      | Became a worshipper of Warmaster Okawaru
  2153 | D:4      | Reached skill level 3 in Axes
  2198 | D:4      | Noticed a scorpion
  2208 | D:4      | Killed a scorpion
  2209 | D:4      | Reached XP level 5. HP: 21/33 MP: 5/5
  2319 | D:4      | Found a sacrificial altar of Ru.
  2349 | D:4      | Reached skill level 1 in Invocations
  2416 | D:3      | Noticed Terence
  2436 | D:3      | Killed Terence
  3002 | D:2      | Reached XP level 6. HP: 30/38 MP: 6/6
  3873 | D:3      | Reached skill level 4 in Axes
  4048 | D:3      | Found a runed translucent door.
  4049 | D:3      | Noticed Crazy Yiuf
  4194 | D:3      | Killed Crazy Yiuf
  4366 | D:4      | Reached * piety under Okawaru
  4367 | D:4      | Reached skill level 5 in Armour
  4628 | D:4      | Reached XP level 7. HP: 31/43 MP: 8/8
  4729 | D:4      | Noticed Edmund
  4751 | D:4      | Killed Edmund
  5074 | D:5      | Entered Level 5 of the Dungeon
  5229 | D:5      | Reached skill level 5 in Axes
  5525 | D:5      | Found a stormy altar of Qazlal.
  5571 | D:5      | Reached ** piety under Okawaru
  5572 | D:5      | Reached XP level 8. HP: 42/48 MP: 10/10
  5764 | D:5      | Reached skill level 5 in Fighting
  6001 | D:5      | Reached skill level 6 in Axes
  6482 | D:6      | Found a staircase to the Ecumenical Temple.
  6838 | D:6      | Reached skill level 1 in Evocations
  7138 | D:6      | Found a bloodstained altar of Trog.
  7361 | D:7      | Reached *** piety under Okawaru
  7504 | D:7      | Reached skill level 5 in Shields
  7504 | D:7      | Reached XP level 9. HP: 35/54 MP: 12/12
  7843 | D:7      | Reached skill level 7 in Axes
  8729 | D:8      | Noticed a troll
  8747 | D:8      | Killed a troll
  8747 | D:8      | Reached **** piety under Okawaru
  8748 | D:8      | Reached skill level 5 in Invocations
  9202 | D:8      | Gained mutation: You expend magic power (3 MP) to
                  | strengthen your wands. [potion of mutation]
  9202 | D:8      | Gained mutation: You are weak. (Str -2) [potion of
                  | mutation]
  9484 | D:8      | Received a gift from Okawaru
  9490 | D:8      | Slain by a yak

Illustrated notes

Levels and vault maps discovered:
D:1:      psy_arrival_radial02, layout_basic, chequers_ecumenical_altar_grove,
          minmay_hedge_maze
D:2:      layout_basic, minmay_shallow_snake_nest
D:3:      layout_rooms, uniq_crazy_yiuf_cottage, uniq_terence
D:4:      layout_loops_ring, gammafunk_temple_overflow_claw,
          nicolae_ru_awakened_eye, uniq_edmund
D:5:      kennysheep_kobold_camp, layout_loops_ring,
          mainiacjoe_overflow_catwalk, serial_bayou_pond_a
D:6:      layout_loops_cross, lemuel_round_altar, temple_pool_b
D:7:      layout_gridville, minmay_misc_feat_four_crosses
D:8:      layout_loops_cross, nicolae_tso_carved_into_rock,
          corexii_leaking_fountain, hangedman_incinerator, uniq_grum

Skill      XL: |  1  2  3  4  5  6  7  8  9 |
---------------+----------------------------+-----
Axes           | 2 3 4 5 6 7 |  7.9
Armour         | 4 5 6 |  6.8
Fighting       | 4 5 6 |  6.1
Invocations    | 1 2 3 4 5 |  5.5
Shields        | 4 5 |  5.3
Evocations     | 1 2 |  2.6
Stealth        | |  0.4

Action                   |  1- 3 |  4- 6 |  7- 9 || total
-------------------------+-------+-------+-------++-------
Melee: War axe           |   222 |   236 |   426 ||   884
  Use: Scroll            |       |     8 |     6 ||    14
       Potion            |       |       |     2 ||     2
Armor: Scale mail        |    72 |    32 |       ||   104
       Plate armour      |       |   150 |     8 ||   158
       Chain mail        |       |       |   317 ||   317
Dodge: Dodged            |    62 |    98 |   143 ||   303
Block: Buckler           |    22 |    52 |   115 ||   189

Table legend: (Time is in decaauts)
 A = Elapsed time spent in this place.
 B = Non-inter-level travel time spent in this place.
 C = Inter-level travel time spent in this place.
 D = Time resting spent in this place.
 E = Time spent auto-exploring this place.
 F = Levels seen in this place.
 G = Mean time per level.
                   A        B        C        D        E       F      G
               +--------+--------+--------+--------+--------+-----+--------+
         Total |   9744 |   9663 |     81 |   1715 |   5838 |   8 | 1218.0 |
       Dungeon |   9744 |   9663 |     81 |   1715 |   5838 |   8 | 1218.0 |
               +--------+--------+--------+--------+--------+-----+--------+

Top non-repeatable levels by time:
     D:1: 1734 daAuts
     D:4: 1512 daAuts
     D:7: 1424 daAuts
     D:5: 1349 daAuts
     D:3: 1117 daAuts
     D:2: 891 daAuts
     D:6: 884 daAuts
     D:8: 830 daAuts
